[Event "*** SCC Grand Prix: Titled Tuesday Blitz"]
[Site "Chess.com"]
[Date "2020.07.07"]
[Round "1"]
[White "Budisavljevic"]
[Black "kuban1991"]
[Result "0-1"]
[WhiteElo "2406"]
[BlackElo "2766"]
[TimeControl "180+1"]
[EndTime "10:07:56 PDT"]
[Termination "kuban1991 won by resignation"]

1. d4 g6 2. c4 Bg7 3. e4 Nc6 4. d5 Nd4 5. Be3 c5 6. dxc6 dxc6 7. Nc3 e5 8. Nge2 Ne7 9. Qd2 O-O 10. Rd1 c5 11.
Nd5 Be6 12. Nec3 a6 13. Bd3 Nec6 14. O-O f5 15. Bg5 Qa5 16. exf5 gxf5 17. Bh6 e4 18. Qg5 Rf7 19. Be2 Qd8 20. Bh5 Qxg5 21. Bxg5 Rff8 22. Nc7 Bxc4 23. Nxa8 Bxf1 24. Kxf1 Rxa8 25. g4 Rf8 26. gxf5 Rxf5 27. Nxe4 h6 28. Bg4 Rxg5 29. Nxg5 hxg5 30.
Bc8 Nd8 31. Rc1 Bf8 32. Kg2 Kf7 33. Kg3 Bd6+ 34. Kg4 Kf6 35. h4 gxh4 36. Rh1 a5 37.
Rxh4 b5 38. Rh6+ Ke5 39. Rh8 N8c6 40. Rh5+ Ke4 41. Bb7 Bf8 42. f4 c4 43. f5 b4 44.
f6 c3 45. bxc3 bxc3 46. Rh1 c2 47. Kg5 Kd3 48. Kg6 Kd2 49. Kf7 Ba3 50. Rh2+ Kc3 51.
Rh3+ Kb2 52. Rh2 Ne5+ 53. Kg7 Kxa2 54. Be4 Kb3 55. Bxc2+ Nxc2 56. f7 Nxf7 57. Kxf7 a4 58. Ke6 Bb4 59. Kd5 a3 60. Rh3+ Bc3 61. Rh7 a2 62.
Ra7 Na3 0-1

[Event "*** SCC Grand Prix: Titled Tuesday Blitz"]
[Site "Chess.com"]
[Date "2020.07.07"]
[Round "1"]
[White "ShahMatKanal"]
[Black "harkerchess"]
[Result "1-0"]
[WhiteElo "2506"]
[BlackElo "2088"]
[TimeControl "180+1"]
[EndTime "10:07:56 PDT"]
[Termination "ShahMatKanal won by resignation"]

1. e4 e5 2. Nf3 Nc6 3. Bb5 a6 4.
Ba4 Nf6 5. O-O Be7 6. Re1 b5 7.
Bb3 d6 8. h3 O-O 9. c3 Nb8 10.
a4 Bb7 11. d3 Nbd7 12. Bc2 c5 13. Nbd2 Re8 14. Nf1 Bf8 15. Ng3 g6 16. Bb3 Bg7 17.
Ng5 Re7 18. Bd2 h6 19. Nf3 Re8 20. Nh4 Nf8 21. Qf3 Re7 22. axb5 axb5 23. Rxa8 Qxa8 24. Ngf5 Rd7 25. Nxh6+ Bxh6 26. Bxh6 Qd8 27. g3 Qe7 28. Bg5 Kg7 29. Bc2 N8h7 30. Be3 Bc8 31. Kh2 Ra7 32.
Ng2 Ra2 33. Bc1 Qe6 34. g4 c4 35. d4 Bb7 36. d5 Qd7 37. Rg1 Ra8 38. Ne3 Ng5 39. Qg2 Rh8 40. Nf5+ gxf5 41. gxf5 Nh7 42. Bxg5 Nxg5 43. Qxg5+ Kf8 44. Qg7+ Ke7 45. f6+ Kd8 46. Qxh8+ Kc7 47. Qf8 Bc8 48. Qe7 Kb6 49. Qxd7 Bxd7 50. Rg7 Be8 51. Rg8 Bd7 52. Rf8 b4 53. Rxf7 bxc3 54.
bxc3 Ba4 55. Bxa4 1-0

[Event "*** SCC Grand Prix: Titled Tuesday Blitz"]
[Site "Chess.com"]
[Date "2020.07.07"]
[Round "1"]
[White "VitaliyBernadskiy"]
[Black "MergenKakabaev"]
[Result "1-0"]
[WhiteElo "2755"]
[BlackElo "2403"]
[TimeControl "180+1"]
[EndTime "10:07:57 PDT"]
[Termination "VitaliyBernadskiy won on time"]

1. d4 d5 2. Nf3 Nf6 3. Bf4 c5 4. e3 Nc6 5. Nbd2 Qb6 6. dxc5 Qxb2 7. Rb1 Qc3 8. Bb5 Qxc5 9. O-O e6 10. c4 Bd7 11. Nb3 Qa3 12. Nbd4 Be7 13. cxd5 Nxd5 14. Bxc6 bxc6 15. Rb7 Rd8 16. Ne5 Qa6 17. Rxd7 Rxd7 18. Qg4 Rb7 19. Qxg7 Bf6 20. Qh6 c5 21. Ndf3 Qxa2 22.
e4 Nxf4 23. Qxf6 Ne2+ 24. Kh1 Rf8 25. Nc6 Rd7 26. Nfe5 Nd4 27. Nxd7 Nxc6 28. Nxf8 Kxf8 29. h3 c4 30. Rd1 Ke8 31. Qh8+ Ke7 32. Qc8 Qe2 33.
Rg1 Qxe4 34. Qc7+ Kf6 35. Qg3 Qd3 36. Qf4+ Ke7 37. Rc1 c3 38. Qc7+ Qd7 39. Qxd7+ Kxd7 40. Rxc3 a5 41. Kg1 Kc7 42. Kf1 Kb6 43. Ke2 a4 44.
Kd3 Kb5 45. Rc1 a3 46. Kc3 Ne5 47. Kb3 1-0

[Event "*** SCC Grand Prix: Titled Tuesday Blitz"]
[Site "Chess.com"]
[Date "2020.07.07"]
[Round "1"]
[White "anon569"]
[Black "csati17"]
[Result "0-1"]
[WhiteElo "2334"]
[BlackElo "2658"]
[TimeControl "180+1"]
[EndTime "10:07:57 PDT"]
[Termination "csati17 won on time"]

1. e4 e6 2. Nf3 d5 3. Nc3 Nf6 4.
e5 Nfd7 5. d4 c5 6. dxc5 Nc6 7.
Bf4 h6 8. a3 g5 9. Bg3 g4 10.
Nd4 Ncxe5 11. Bb5 Qf6 12. c6 bxc6 13. Nxc6 Ng6 14. Qe2 Be7 15. Ne5 a6 16. Bc6 Ra7 17.
Nxg4 Qf5 18. Ne5 O-O 19. Ng4 Kh7 20. Nxh6 Kxh6 21. Qe3+ Kg7 22. Qxa7 Nc5 23. O-O-O Bf6 24. Qxc5 a5 25. Nb5 Ba6 26. Nd4 Qg5+ 27. f4 Nxf4 28.
Kb1 Ng6 29. Nf3 Qg4 30. Qxa5 Be2 31. Rc1 Rb8 32. c3 Bd3+ 33. Ka1 Qc4 34. Ba4 Bd8 35. Nd2 Qc8 36. Qa7 Rb6 37. Qa5 Rxb2 38. Kxb2 Bxa5 39. Nb3 Bb6 40. Rhd1 Bc4 41. Nd4 Qa6 42. Bb3 Bc5 43. a4 Bd3 0-1

[Event "*** SCC Grand Prix: Titled Tuesday Blitz"]
[Site "Chess.com"]
[Date "2020.07.07"]
[Round "1"]
[White "Meri-Arabidze"]
[Black "Khazieva_Elza"]
[Result "1/2-1/2"]
[WhiteElo "2600"]
[BlackElo "2286"]
[TimeControl "180+1"]
[EndTime "10:07:57 PDT"]
[Termination "Game drawn by repetition"]

1. d4 Nf6 2. c4 d6 3. Nf3 Bf5 4. Nc3 c6 5. g3 h6 6. Bg2 Nbd7 7. O-O e5 8. Nh4 Bh7 9. e4 exd4 10. Qxd4 Be7 11. Nf5 Bxf5 12. exf5 O-O 13. b3 Qa5 14. g4 Qe5 15. Qxe5 Nxe5 16. h3 Nd3 17. Be3 Nd7 18.
Rad1 N3c5 19. b4 Na6 20. b5 Nab8 21. f4 Nb6 22. bxc6 Nxc6 23. Nd5 Nxc4 24. Rfe1 Bd8 25.
Bf2 Ba5 26. Re4 Nd2 27. Re2 Nc4 28. Ne7+ Nxe7 29. Rxe7 Rae8 30. Rxb7 a6 31. Rd4 Ne3 32. Rxd6 Nxg2 33. Kxg2 Re2 34. Rxa6 Be1 35. Kf1 Rxf2+ 36. Kxe1 Rh2 37. Raa7 Re8+ 38. Kf1 Rc8 39. Kg1 Rd2 40. Rb1 Rcc2 41. Ra8+ Kh7 42. Re8 Rg2+ 43. Kf1 Rcf2+ 44.
Ke1 Rxa2 45. Kf1 Raf2+ 46. Ke1 Ra2 47. Kf1 Raf2+ 48. Ke1 Ra2 1/2-1/2

[Event "*** SCC Grand Prix: Titled Tuesday Blitz"]
[Site "Chess.com"]
[Date "2020.07.07"]
[Round "1"]
[White "vangulio"]
[Black "sm_sharon"]
[Result "1-0"]
[WhiteElo "2541"]
[BlackElo "2173"]
[TimeControl "180+1"]
[EndTime "10:07:57 PDT"]
[Termination "vangulio won on time"]

1. d4 g6 2. e4 Bg7 3. Nc3 d6 4.
Be3 a6 5. f4 Nd7 6. Nf3 b5 7.
Bd3 c5 8. O-O Bb7 9. e5 cxd4 10.
Bxd4 dxe5 11. fxe5 e6 12. Ne4 Bxe4 13. Bxe4 Rb8 14.
Qe2 Ne7 15. Rad1 O-O 16. c4 bxc4 17. Qxc4 Qc8 18. Qe2 Nc6 19. Bxc6 Qxc6 20. Rd2 Qb5 21. Qxb5 Rxb5 22. Re1 Rd5 23. Ree2 Rd8 24. Bc3 Nxe5 25. Nxe5 Rxd2 26. Bxd2 Bxe5 27. Bg5 Rd1+ 28. Kf2 f6 29. Be3 Rd3 30. h3 g5 31. b3 h5 32. Bc1 h4 33.
Bd2 Kf7 34. Be1 Bg3+ 35. Kf1 Rd1 36. Re3 e5 37. Re2 Ke6 38. a4 Kd5 39. Rd2+ Rxd2 40. Bxd2 Kc5 41. Ke2 Bf4 42. Be1 Bc1 43. Kd3 f5 44. Bc3 Bf4 45. b4+ Kd5 46. b5 axb5 47. axb5 e4+ 48. Ke2 1-0

[Event "*** SCC Grand Prix: Titled Tuesday Blitz"]
[Site "Chess.com"]
[Date "2020.07.07"]
[Round "1"]
[White "Lion-Al-Messi"]
[Black "ShimanovAlex"]
[Result "0-1"]
[WhiteElo "2439"]
[BlackElo "2880"]
[TimeControl "180+1"]
[EndTime "10:07:58 PDT"]
[Termination "ShimanovAlex won on time"]

1. e4 d5 2. exd5 Qxd5 3. Nc3 Qd6 4. d4 Nf6 5. Nf3 Nc6 6. Bb5 a6 7. Ba4 b5 8. Bb3 e6 9. O-O Bb7 10. d5 exd5 11. Re1+ Be7 12. Nxd5 Nxd5 13. Qxd5 O-O 14. Bg5 Qxd5 15. Bxd5 Bd6 16. Rad1 h6 17. Bh4 Rfe8 18. Bg3 Bxg3 19. hxg3 Kf8 20. Nd4 Rxe1+ 21. Rxe1 Nxd4 22. Bxb7 Ra7 23. Be4 c5 24. c3 Ne6 25. Bd5 Nd8 26. Kf1 Rd7 27. Rd1 Nc6 28. Ke2 Re7+ 29. Kd2 Ne5 30.
Re1 f6 31. Kc2 Rd7 32. Be4 g5 33. f4 Nf7 34. Bf5 Re7 35. Rxe7 Kxe7 36. Bc8 a5 37.
Kd3 Nd6 38. Bg4 Nc4 39. b3 Nd6 40. Bf3 Ke6 41. Bg4+ f5 42. Bf3 g4 43. Bc6 b4 44. cxb4 axb4 45. Ba8 Ne8 46. Bb7 Kd7 47. Ba6 Nd6 48. Bc4 Ne4 49. Bf7 Nxg3 50. Bg6 Ke6 51. Be8 Ne4 52. Bc6 Nd6 53. g3 Kf6 54. Bg2 Kg6 55.
Kc2 h5 56. a4 bxa3 57. Kb1 h4 0-1

[Event "*** SCC Grand Prix: Titled Tuesday Blitz"]
[Site "Chess.com"]
[Date "2020.07.07"]
[Round "1"]
[White "antoszu"]
[Black "MisiekZielony"]
[Result "1-0"]
[WhiteElo "2544"]
[BlackElo "2194"]
[TimeControl "180+1"]
[EndTime "10:07:58 PDT"]
[Termination "antoszu won on time"]

1. d4 d5 2. c4 c6 3. Nc3 Nf6 4. Nf3 dxc4 5. a4 a5 6. e4 Bg4 7. Bxc4 e6 8. Be3 Bb4 9. Qc2 Nbd7 10. Be2 O-O 11. O-O Re8 12. Bg5 Qb6 13. Rad1 Rac8 14. Ne5 Bxe2 15. Qxe2 Be7 16. Nc4 Qa6 17. b3 c5 18. Nb5 cxd4 19. e5 Nd5 20. Bxe7 Rxe7 21. Rxd4 Nc5 22. Qf3 Rf8 23. Rh4 Qc6 24. Qh3 h6 25.
Qg3 Kh7 26. Rg4 f5 27. exf6 Nxf6 28. Rh4 Nfe4 29. Qg4 Qd5 30. Qe2 Ng5 31. Rg4 Qf5 32. Rg3 Rd7 33. h4 Nge4 34. Rf3 Qg6 35. Rxf8 Rd2 36.
Qf3 Rd5 37. g3 Rf5 38. Rxf5 exf5 39. Qg2 Nf6 40. Nd4 Nce4 41. Nf3 Ng4 42. Nce5 Qe6 43. Nxg4 fxg4 44. Nd4 Qd5 45. Re1 Qxd4 46. Qxe4+ Qxe4 47. Rxe4 Kg6 48. Re7 Kf5 49. Rxb7 Kf6 50. Kg2 1-0

[Event "*** SCC Grand Prix: Titled Tuesday Blitz"]
[Site "Chess.com"]
[Date "2020.07.07"]
[Round "1"]
[White "NarminSoyunlu"]
[Black "ThePatrick27"]
[Result "0-1"]
[WhiteElo "2082"]
[BlackElo "2503"]
[TimeControl "180+1"]
[EndTime "10:08:00 PDT"]
[Termination "ThePatrick27 won on time"]

1. g3 Nf6 2. Bg2 g6 3. c4 Bg7 4. Nc3 O-O 5. e4 e5 6. Nge2 d6 7. d3 a5 8. O-O Nbd7 9. h3 Nc5 10.
Be3 Ne6 11. f4 c5 12. f5 Nd4 13. g4 h6 14. g5 hxg5 15. Bxg5 Qb6 16. Qd2 Kh7 17. Ng3 Bd7 18. fxg6+ fxg6 19. Bxf6 Bxf6 20. Nd5 Qd8 21. Nxf6+ Rxf6 22. Rxf6 Qxf6 23. Rf1 Qe7 24. Qf2 Kg7 25. Kh2 Rf8 26. Qxf8+ Qxf8 27. Rxf8 Kxf8 28.
Kg1 b5 29. Kf2 b4 30. Ne2 a4 31. Nxd4 cxd4 32. Ke2 Kg7 33. Bf1 Kh6 34. Kf3 Kg5 35. Kg3 Be6 36. Be2 Kf6 37. Bf1 g5 38. Be2 Bf7 39.
Bf1 Bh5 40. Kf2 Bd1 41. Ke1 Bc2 42. Kd2 Bb1 43. a3 b3 44. Kc1 Bc2 45. Kd2 Kg6 46. Ke1 Kh5 47. Kf2 Kh4 48. Kg2 Bd1 49. Kh2 Bf3 50. Bg2 Be2 51. Bh1 Bxd3 52. Bf3 Bxc4 0-1

[Event "*** SCC Grand Prix: Titled Tuesday Blitz"]
[Site "Chess.com"]
[Date "2020.07.07"]
[Round "1"]
[White "Gareth-Bale11"]
[Black "MasterKroket"]
[Result "1-0"]
[WhiteElo "2758"]
[BlackElo "2405"]
[TimeControl "180+1"]
[EndTime "10:08:01 PDT"]
[Termination "Gareth-Bale11 won by resignation"]

1. Nf3 Nf6 2. c4 e6 3. Nc3 d5 4.
d4 c6 5. Bg5 Nbd7 6. e3 Qa5 7.
Nd2 Bb4 8. Qc2 dxc4 9. Bxf6 Nxf6 10. Nxc4 Qd8 11. Be2 O-O 12. O-O c5 13. a3 cxd4 14.
axb4 dxc3 15. bxc3 Qc7 16. Ra3 Bd7 17. Rfa1 Bb5 18.
Nb2 Bxe2 19. Qxe2 Nd5 20. Nd1 a6 21. e4 Nb6 22. Nb2 Rac8 23. b5 axb5 24. Qxb5 Qc6 25.
Qxc6 Rxc6 26. Rb3 Rfc8 27. Ra7 Rxc3 28. Rxc3 Rxc3 29. h4 Rc7 30. Nd3 f6 31. g4 Nc4 32.
g5 Kf7 33. Kg2 fxg5 34. hxg5 e5 35. Kg3 Kg6 36. Kg4 h5+ 37. gxh6 gxh6 38. Ra8 h5+ 39. Kg3 b5 40. Rb8 Rd7 41. Nc5 Rd4 42. Rxb5 Nd2 43. Rb6+ Kh7 44. f3 h4+ 45. Kg4 h3 46. Kxh3 Nxf3 47.
Kg4 Nd2 48. Kf5 Rc4 49. Rb7+ Kg8 50. Nd7 Nxe4 51. Rb8+ Kg7 52. Nxe5 Nd6+ 53. Ke6 Ne4 54. Nxc4 1-0

[Event "*** SCC Grand Prix: Titled Tuesday Blitz"]
[Site "Chess.com"]
[Date "2020.07.07"]
[Round "1"]
[White "MacDaddyMac"]
[Black "bgfbfbgfbgfgf"]
[Result "0-1"]
[WhiteElo "2311"]
[BlackElo "2636"]
[TimeControl "180+1"]
[EndTime "10:08:02 PDT"]
[Termination "bgfbfbgfbgfgf won by checkmate"]

1. e4 e5 2. Nf3 Nc6 3. Bb5 Nf6 4. d3 Bc5 5. O-O Nd4 6. Nxd4 Bxd4 7. c3 Bb6 8. Be3 c6 9. Ba4 O-O 10. Nd2 d5 11.
Bg5 h6 12. Bh4 Qd6 13. Bb3 Bg4 14. Qc2 Rad8 15. h3 Bh5 16. Kh1 Rfe8 17. f3 g5 18.
Bg3 Bg6 19. Rad1 Nh5 20. Bh2 Qf6 21. Qc1 Be3 22. Rde1 Bf4 23. Bxf4 gxf4 24. Kg1 d4 25. cxd4 Rxd4 26. Bc4 b5 27. Bb3 Rxd3 28. Rf2 Red8 29. Nb1 Qd6 30. Nc3 Ng3 31. Ne2 Rd2 32. Nxg3 fxg3 33.
Rfe2 Qd4+ 34. Kf1 Rd6 35. Rxd2 Qxd2 36. Qxd2 Rxd2 37. Re2 Rd6 38. Rc2 Kf8 39. Ke2 f6 40.
Rd2 Ke7 41. Rxd6 Kxd6 42. Ke3 a5 43. a3 c5 44. f4 Bh5 45. Bc2 c4 46. a4 b4 47. b3 Kc5 48. f5 Bf7 49. bxc4 Kxc4 50. Kf3 Kc3 51. Bd1 b3 52. Bxb3 Bxb3 53. Kxg3 Bxa4 54. Kg4 Be8 55. Kh4 a4 56. g4 a3 57.
g5 hxg5+ 58. Kg3 a2 59. h4 gxh4+ 60. Kxh4 a1=Q 61. Kg3 Qg1+ 62. Kf3 Bh5# 0-1

[Event "*** SCC Grand Prix: Titled Tuesday Blitz"]
[Site "Chess.com"]
[Date "2020.07.07"]
[Round "1"]
[White "Oneofmyturns"]
[Black "chegueps"]
[Result "1-0"]
[WhiteElo "2726"]
[BlackElo "2391"]
[TimeControl "180+1"]
[EndTime "10:08:04 PDT"]
[Termination "Oneofmyturns won by resignation"]

1. d4 d6 2. e4 Nf6 3. Nc3 e5 4. Nf3 Nbd7 5. Bc4 Be7 6. O-O O-O 7. Re1 c6 8. a4 a5 9. h3 exd4 10. Nxd4 Nb6 11. Bf1 d5 12. e5 Ne8 13. Bf4 g6 14.
Qf3 Ng7 15. Rad1 Bg5 16. g3 Qe7 17. Bxg5 Qxg5 18. Kh2 Nf5 19. Nb3 h5 20. Qd3 Nc4 21. Rb1 h4 22. g4 Qf4+ 23. Kg2 Nxe5 24. Qe2 Nxg4 25. Qxg4 Qd6 26. Qg5 Be6 27. Bd3 Kg7 28. Bxf5 Bxf5 29. Nd4 Bd7 30. Qe5+ Qxe5 31. Rxe5 Kf6 32.
Rbe1 g5 33. Nb3 b6 34. f3 Be6 35. Nd4 Bd7 36. b3 Rfc8 37. Nd1 c5 38. Rxd5 cxd4 39.
Rxd7 Rxc2+ 40. Nf2 Rd2 41. Re4 Rc8 42. Rexd4 Re2 43. Rd2 Re1 44. R7d6+ Kg7 45. Rxb6 Rcc1 46. Rb5 Rg1+ 47. Kh2 Rg3 48. Rxa5 Rxf3 49. Rxg5+ Kh6 50.
Rg4 f5 51. Rxh4+ Kg5 52. Rb4 Rf1 53. Kg2 R1xf2+ 54. Rxf2 Rc3 55. Rbf4 Rc5 56. Rxf5+ Rxf5 57. Rxf5+ Kxf5 58. a5 Ke5 59. a6 1-0

[Event "*** SCC Grand Prix: Titled Tuesday Blitz"]
[Site "Chess.com"]
[Date "2020.07.07"]
[Round "1"]
[White "tylityli"]
[Black "SCIM"]
[Result "0-1"]
[WhiteElo "2173"]
[BlackElo "2534"]
[TimeControl "180+1"]
[EndTime "10:08:05 PDT"]
[Termination "SCIM won on time"]

1. d4 Nf6 2. c4 g6 3. Nc3 d5 4. cxd5 Nxd5 5. Bd2 Nb6 6. Nf3 Bg7 7. Bf4 c5 8. dxc5 Bxc3+ 9. bxc3 Qxd1+ 10. Rxd1 Na4 11.
Be5 f6 12. Bc7 O-O 13. e4 Nxc5 14. Bc4+ Be6 15. Bxe6+ Nxe6 16. Bxb8 Raxb8 17. Rd7 Kf7 18. Ke2 Rfd8 19. Rhd1 Rxd7 20. Rxd7 Ke8 21. Rd2 Rc8 22.
Rc2 b5 23. g3 a5 24. Kd2 Nc5 25.
e5 Ne4+ 26. Kd3 f5 27. Nd4 Rc5 28. e6 Rd5 29. f3 Nc5+ 30. Ke3 Nxe6 31. Nxe6 Re5+ 32.
Kd4 Rxe6 33. Rb2 Rd6+ 34. Kc5 Rd3 35. Kxb5 Rxc3 36. Kxa5 Rxf3 37. a4 e5 38. Kb6 Ra3 39. a5 Kd7 40. a6 e4 41. a7 Ke6 42. Rb5 Rxa7 43. Kxa7 g5 44. Kb6 e3 45. Rb2 f4 46. gxf4 gxf4 47. Kc5 f3 48. Kd4 f2 49.
Rb1 e2 50. Rb6+ Kf5 51. Rb5+ Kf4 0-1

[Event "*** SCC Grand Prix: Titled Tuesday Blitz"]
[Site "Chess.com"]
[Date "2020.07.07"]
[Round "1"]
[White "mirochka"]
[Black "26andrej26"]
[Result "0-1"]
[WhiteElo "2129"]
[BlackElo "2520"]
[TimeControl "180+1"]
[EndTime "10:08:05 PDT"]
[Termination "26andrej26 won on time"]

1. e4 c5 2. b4 d5 3. exd5 Qxd5 4. Nc3 Qe5+ 5. Be2 cxb4 6. d4 Qc7 7. Nb5 Qd8 8. Bf4 Na6 9. a3 Nf6 10. axb4 Nd5 11. Bg3 Nac7 12. Nxc7+ Nxc7 13. c4 e6 14. Qa4+ Bd7 15. Qb3 Be7 16. Nf3 O-O 17. O-O b5 18. Bxc7 Qxc7 19. c5 Bc6 20. Ne5 Bd5 21. Qe3 a6 22. Bf3 Rfd8 23. Rfd1 Bf6 24. Bxd5 Rxd5 25. f4 g6 26. Kh1 Rad8 27. Rxa6 Bxe5 28. fxe5 Qxe5 29.
Qxe5 Rxe5 30. Kg1 Re4 31. Rb6 Rdxd4 32. Rxd4 Rxd4 33. Rxb5 Rc4 34. Rb8+ Kg7 35. Rb6 Kf6 36. c6 Ke5 37. b5 Kd6 38. Rb7 e5 39. Rxf7 e4 40.
Rxh7 Rc2 41. Kf1 e3 42. Rg7 Kc5 43. Rxg6 Kxb5 44. h4 Kc4 45. c7 Kd3 46. Rd6+ Ke4 47. Rd7 Kf4 48. Rd4+ Kg3 49. h5 Rxc7 50. Rd5 Rc1+ 51.
Ke2 Rh1 52. Kxe3 Kxg2 53. Kf4 Kf2 54. Kg5 Kf3 55. Kg6 Ke4 0-1

[Event "*** SCC Grand Prix: Titled Tuesday Blitz"]
[Site "Chess.com"]
[Date "2020.07.07"]
[Round "1"]
[White "Sam_ChessMood"]
[Black "ketster"]
[Result "1/2-1/2"]
[WhiteElo "2839"]
[BlackElo "2440"]
[TimeControl "180+1"]
[EndTime "10:08:06 PDT"]
[Termination "Game drawn by repetition"]

1. e4 e5 2. Nf3 Nc6 3. Bb5 a6 4.
Ba4 Nf6 5. O-O Be7 6. Re1 b5 7.
Bb3 d6 8. c3 O-O 9. h3 Nd7 10. d4 Bf6 11. Be3 Na5 12. Bc2 Nc4 13. Bc1 Ncb6 14. Nbd2 g6 15. Nf1 Bg7 16. Ng3 c5 17. d5 a5 18. Bg5 Qe8 19. Qc1 f6 20. Bh6 Qf7 21. b3 a4 22. Bxg7 Qxg7 23. Bd3 c4 24.
bxc4 bxc4 25. Bf1 Nc5 26. Rb1 Qc7 27. Nd2 Ba6 28. Rb4 Nd3 29. Bxd3 cxd3 30. Ngf1 Rfc8 31. Ne3 Rab8 32. c4 Qc5 33. Qc3 Qd4 34. Qa3 Nxc4 35. Nexc4 Bxc4 36. Rxb8 Rxb8 37. Qxd6 Rb2 38. Qd8+ Kg7 39.
Qc7+ Kh6 40. Qxc4 Rxd2 41. Qxd4 exd4 42. d6 Rc2 43. d7 d2 44. Rf1 Rc1 45. d8=Q Rxf1+ 46. Kh2 d1=Q 47. Qf8+ Kg5 48. Qc5+ Kh6 49. Qf8+ Kg5 50.
Qc5+ Kh6 51. Qf8+ 1/2-1/2

[Event "*** SCC Grand Prix: Titled Tuesday Blitz"]
[Site "Chess.com"]
[Date "2020.07.07"]
[Round "1"]
[White "xberli"]
[Black "Muracle"]
[Result "0-1"]
[WhiteElo "2279"]
[BlackElo "2610"]
[TimeControl "180+1"]
[EndTime "10:08:06 PDT"]
[Termination "Muracle won by resignation"]

1. e4 e5 2. Nf3 Nc6 3. Bb5 a6 4. Ba4 Nf6 5. O-O b5 6. Bb3 d6 7. c3 Be7 8. Re1 O-O 9. h3 Na5 10. Bc2 c5 11. d4 Qc7 12. Nbd2 Bb7 13. d5 Rac8 14. Nf1 b4 15. Ng3 g6 16. Bg5 Nc4 17. Qc1 Rfe8 18. Bd3 Nb6 19. c4 a5 20. Nh2 Rb8 21. Rf1 Nbd7 22. f4 exf4 23. Qxf4 Qd8 24. Rf2 Ne5 25. Be2 Nxd5 26. Bxe7 Nxf4 27. Bxd8 Nxe2+ 28. Rxe2 Rbxd8 29. b3 Nc6 30. Rf2 Nd4 31. Raf1 Rd7 32.
Ng4 Red8 33. Nf6+ Kg7 34. Nxd7 Rxd7 35. Kh2 Nc6 36. Rd1 Nd4 37. Rdf1 Bc6 38. h4 h5 39.
Ne2 Nc2 40. Rf4 Ne3 41. Rc1 Re7 42. Ng3 Ng4+ 43. Kg1 Ne5 44. Rd1 Rd7 45. Kf2 a4 46.
Ke3 axb3 47. axb3 Ra7 48. Rxd6 Ra3 49. Ne2 Nxc4+ 50. Kf2 Nxd6 51. e5 Ne4+ 52. Kg1 Rxb3 0-1

[Event "*** SCC Grand Prix: Titled Tuesday Blitz"]
[Site "Chess.com"]
[Date "2020.07.07"]
[Round "1"]
[White "DivyaDeshmukh23"]
[Black "malakismayil"]
[Result "1-0"]
[WhiteElo "2516"]
[BlackElo "2126"]
[TimeControl "180+1"]
[EndTime "10:08:06 PDT"]
[Termination "DivyaDeshmukh23 won by resignation"]

1. e4 e5 2. Nc3 Nc6 3. Bc4 Nf6 4.
d3 Bc5 5. f4 d6 6. f5 h6 7. Nf3 Qe7 8. a3 Bd7 9. Qe2 O-O-O 10.
Be3 Nd4 11. Bxd4 exd4 12. Nd5 Nxd5 13. Bxd5 c6 14. Ba2 Rhe8 15. O-O-O d5 16. Qd2 dxe4 17. dxe4 Qxe4 18. Bxf7 Rf8 19. Be6 Bxe6 20. fxe6 Qxe6 21. Kb1 Qf6 22. Rhe1 Kb8 23. Qa5 Bb6 24. Qa4 c5 25. Nd2 Qf7 26. Nc4 Rfe8 27. Rf1 Qd7 28. Qb3 Bc7 29. g3 Re7 30. a4 Rde8 31. a5 a6 32.
Nb6 Bxb6 33. Qxb6 Qc7 34. Qg6 Re6 35. Qg4 Re4 36. Qg6 R4e6 37. Qh7 R6e7 38. Rf5 Qxa5 39. Rff1 Ka7 40. Qf5 Qb6 41. Qd3 Qc6 42. Qc4 Qd6 43. b3 Qc6 44. Rf5 b6 45. Rf7 Qb5 46. Re1 Qxc4 47.
Rfxe7+ Rxe7 48. Rxe7+ Kb8 49. bxc4 b5 50. Rxg7 bxc4 51.
Rg6 1-0

[Event "*** SCC Grand Prix: Titled Tuesday Blitz"]
[Site "Chess.com"]
[Date "2020.07.07"]
[Round "1"]
[White "doctorcristian"]
[Black "WashUntilHoles"]
[Result "0-1"]
[WhiteElo "2398"]
[BlackElo "2739"]
[TimeControl "180+1"]
[EndTime "10:08:07 PDT"]
[Termination "WashUntilHoles won by checkmate"]

1. d4 Nf6 2. Nc3 d5 3. Bf4 g6 4. Qd2 Bg7 5. Bh6 O-O 6. Bxg7 Kxg7 7.
e3 c5 8. f3 Nc6 9. Bb5 Qb6 10.
Nge2 Rd8 11. Bxc6 Qxc6 12. O-O b6 13. Rfe1 Ba6 14. Rad1 Qc7 15. Ng3 e5 16. a3 Rac8 17. Rc1 Re8 18. Rcd1 Rcd8 19. Qf2 h5 20. h4 exd4 21.
exd4 Qf4 22. Nge2 Qd6 23. Rd2 Rd7 24. Red1 Bb7 25. Qg3 Qxg3 26. Nxg3 Rde7 27. Kf2 Re6 28. Nce2 c4 29. Nf4 R6e7 30. Re2 Rxe2+ 31. Ngxe2 b5 32. Nc3 a6 33. Re1 Rxe1 34. Kxe1 Kf8 35. Kd2 Ke7 36. Nd1 Kd6 37. Ne3 Bc8 38. Kc3 a5 39. b3 Bd7 40. b4 a4 41. Kd2 Be6 42. c3 Ng8 43. Ke2 Nh6 44. Kf2 Ng8 45. g4 hxg4 46. fxg4 Nf6 47. Kf3 Ne4 48. Ne2 Ke7 49. Kf4 Kf6 50.
g5+ Ke7 51. Ke5 f6+ 52. gxf6+ Nxf6 53. Nf4 Nd7# 0-1

[Event "*** SCC Grand Prix: Titled Tuesday Blitz"]
[Site "Chess.com"]
[Date "2020.07.07"]
[Round "1"]
[White "ChessWarrior7197"]
[Black "Bodnar_Mykola"]
[Result "1-0"]
[WhiteElo "2876"]
[BlackElo "2437"]
[TimeControl "180+1"]
[EndTime "10:08:08 PDT"]
[Termination "ChessWarrior7197 won on time"]

1. e4 e5 2. Nf3 Nc6 3. Bb5 g6 4. O-O Bg7 5. c3 a6 6. Ba4 b5 7. Bb3 Nge7 8. d4 exd4 9. cxd4 O-O 10. h3 d6 11. Bg5 h6 12. Bh4 g5 13. Bg3 g4 14. hxg4 Bxg4 15. d5 Nd4 16. Nbd2 f5 17.
e5 f4 18. exd6 cxd6 19. Bh4 Qd7 20. Bxe7 Qxe7 21. Re1 Qf7 22. Re4 Rae8 23. Bc2 Qxd5 24. Rxe8 Rxe8 25. Bb3 Nxb3 26. axb3 a5 27. Qc2 Bf5 28.
Qc7 Rc8 29. Qxa5 Bxb2 30. Re1 Bc3 31. Qa2 Bb4 32. Qb2 Kf7 33. Rc1 Rxc1+ 34. Qxc1 Qc5 35.
Qa1 Kg6 36. Nh4+ Kg5 37. Ndf3+ Kh5 38. Qf6 Bd3 39. Qf7+ Kg4 40. Qe6+ Kh5 41. Qh3 Qc1+ 42. Kh2 Bc5 43. Nf5+ Kg6 44. N5d4 Bxd4 45. Nxd4 Qd2 46. Qe6+ Kh5 47. Qh3+ Kg5 48. Nf3+ 1-0

[Event "*** SCC Grand Prix: Titled Tuesday Blitz"]
[Site "Chess.com"]
[Date "2020.07.07"]
[Round "1"]
[White "abhidabhi"]
[Black "chenxiaoyuer"]
[Result "1-0"]
[WhiteElo "2757"]
[BlackElo "2405"]
[TimeControl "180+1"]
[EndTime "10:08:08 PDT"]
[Termination "abhidabhi won by resignation"]

1. Nf3 Nf6 2. g3 g6 3. b3 Bg7 4. Bb2 O-O 5. c4 d6 6. d4 Nfd7 7. Bg2 e5 8. dxe5 dxe5 9. Nc3 e4 10. Nd2 f5 11. O-O Ne5 12. Qc2 Nbc6 13. Nd5 Be6 14.
Rfd1 Bxd5 15. cxd5 Nb4 16. Qc5 Nbd3 17. exd3 Nxd3 18. Qc4 Nxb2 19. Qc2 Nxd1 20. Rxd1 Qe7 21. Nc4 Rfd8 22. f3 exf3 23. Bxf3 Qc5+ 24. Qf2 Qxf2+ 25. Kxf2 a5 26. d6 c6 27. a4 Bf8 28. g4 Ra7 29. gxf5 gxf5 30. d7 Bg7 31. Nb6 Ra6 32.
Nc8 b5 33. Ne7+ Kf8 34. Nxc6 Rxc6 35. Bxc6 bxa4 36. bxa4 Bc3 37. Bb5 Ke7 38. Rd3 Bf6 39.
Rh3 Rh8 40. Re3+ Kf7 41. Re8 Kg7 42. Kf3 Rf8 43. Kf4 Bd8 44. Bd3 Bc7+ 45. Kg5 Bd8+ 46. Kf4 Bc7+ 47. Kf3 Bd8 48. h3 Bc7 49. Bc4 Bd8 50.
Be6 Bc7 51. Bc4 Bd8 52. Bd5 Bc7 53. Re7+ Kf6 54. Rxh7 Rd8 55. Bc6 Ke5 56. Bb5 Bb6 57. Re7+ Kd6 58. Re8 Kc5 59. h4 Kd6 60. h5 Kc7 61. h6 Bd4 62. h7 Bc3 63. Kf4 Bd4 64.
Kxf5 Bc3 65. Kg6 Bd4 66. Kf7 Bc3 67. Rxd8 Kxd8 68. Kg8 Bd4 1-0

[Event "*** SCC Grand Prix: Titled Tuesday Blitz"]
[Site "Chess.com"]
[Date "2020.07.07"]
[Round "1"]
[White "Marty435"]
[Black "PetrolulSah"]
[Result "0-1"]
[WhiteElo "2511"]
[BlackElo "2171"]
[TimeControl "180+1"]
[EndTime "10:08:08 PDT"]
[Termination "PetrolulSah won by checkmate"]

1. e4 e5 2. Nf3 Nf6 3. Nxe5 d6 4. Nxf7 Kxf7 5. d4 c6 6. Nc3 Be7 7.
Bc4+ Be6 8. Bxe6+ Kxe6 9. d5+ Kf7 10. Bf4 cxd5 11. exd5 Re8 12. O-O Nbd7 13. Qf3 Ne5 14. Bxe5 dxe5 15. Rfe1 Bd6 16. Ne4 h6 17. c4 Kg8 18.
Rac1 Nxe4 19. Qxe4 b6 20. a3 a5 21. Kh1 Rf8 22.
f3 Rf4 23. Qg6 Qf6 24. Qd3 Rd4 25. Qe2 Qf4 26. g3 Qd2 27. Rc2 Qxe2 28. Rexe2 Rc8 29. b3 a4 30. bxa4 Rcxc4 31. Rb2 Bc7 32. Kg2 Rxa4 33. d6 Rxd6 34. Rxe5 Rd3 35. Re7 Rc4 36. f4 Rcc3 37. a4 Rc4 38. Rb5 Rc2+ 39. Kh3 Rdd2 40. Kg4 Rxh2 41.
Rd5 Rhe2 42. Red7 Rc3 43. Rf5 Ree3 44. Rff7 Rxg3+ 45. Kf5 Rc5+ 46. Ke4 Bd8 47. Ra7 Bf6 48. Rfb7 Rc4+ 49. Kd5 Rc5+ 50. Ke4 Rg6 51. Rxb6 Rg1 52. Rb8+ Kh7 53. a5 Re1+ 54. Kf3 Rc3+ 55. Kf2 Ra1 56. Ra6 Ra2+ 57. Ke1 Rc1# 0-1